cohdb
Replays
Latest Replays
All Replays
Popular Replays
Top Player Replays
Match Explorer
How It Works
Community
CoH3 Stats
Reddit
Sign in to upload your games and track your stats! →
Sign in with Steam
Match 26843061
Unlisted
Match 26843061
Overview
Messages
Build Orders
End
Royal Engineer Section
Royal Engineer Section
Selects Heavy Armor Battlegroup
Selects Engineer Detachments
Royal Engineer Section
Royal Engineer Section
Royal Engineer Section
Construct Section Command Post
Royal Engineer Section
ML 3-inch Mortar Team
Construct Field Infirmary
Construct Platoon Command Post
Unlock M3 Stuart Light Tanks
M3 Stuart Light Tank
M3 Stuart Light Tank
M3 Stuart Light Tank
Selects Crusader AA Medium Tank
Crusader AA Medium Tank
Selects Churchill Black Prince Heavy Tank
Infantry Section
Infantry Section
Infantry Section
Infantry Section
Bounce
Achilla
williamxu
白
BadaZZmaZZ
MMMMMMMMMMMM
国服韩信,请战!
神
0
0
Comments
sign in to comment!
No comments posted yet!